 Dungeon Crawl Stone Soup version 0.18.1-48-g4cf74bf (webtiles) character file.

148 Neosonic97 the Chiller (level 5, -12/34 HPs)
             Began as a Draconian Ice Elementalist on Sept 9, 2016.
             Mangled by an ogre
             ... wielding a +0 giant club
              (23 damage)
             ... on level 4 of the Dungeon.
             The game lasted 00:11:15 (3281 turns).

Neosonic97 the Chiller (Draconian Ice Elementalist) Turns: 3281, Time: 00:11:15

Health: -12/34     AC:  5    Str: 10    XL:     5   Next: 8%
Magic:  2/9        EV: 17    Int: 14    God:
Gold:   154        SH:  0    Dex: 14    Spells: 3 memorised, 3 levels left

rFire  . . .     SeeInvis .     (no weapon)
rCold  + . .     Gourm    .     (armour unavailable)
rNeg   . . .     Faith    .     (no shield)
rPois  .         Spirit   .     (helmet restricted)
rElec  .         Dismiss  .     (no cloak)
rCorr  .         Reflect  .     (no gloves)
SustAt .         Harm     .     (no boots)
MR     .....                    (no amulet)
Stlth  ++........               l - +4 ring of evasion
                                q - ring of protection from cold

@: not resistant to hostile enchantments, unstealthy
A: unfitting armour, stinger 1, agile 1, dopey 1, frail 1, cold-blooded, AC +5
a: no special abilities


You were on level 4 of the Dungeon.
You were not hungry.

You visited 1 branch of the dungeon, and saw 4 of its levels.

You collected 154 gold pieces.

Inventory:

Jewellery
 k - an uncursed ring of fire
 l - a +4 ring of evasion (right hand)
 q - a ring of protection from cold (left hand)
Scrolls
 c - a scroll of fear {unknown}
 d - 2 scrolls of magic mapping {unknown}
 e - 5 scrolls of identify {unknown}
 i - a scroll of fog {unknown}
 m - a scroll of remove curse {unknown}
 n - a scroll of teleportation {unknown}
Potions
 j - 3 potions of might
 p - a potion of invisibility {unknown}
Books
 a - a book of Frost

   Spells                             Type                      Level
   a - Freeze                         Ice                          1
   b - Throw Frost                    Conjuration/Ice              2
   c - Ozocubu's Armour               Charms/Ice                   3
   d - Throw Icicle                   Conjuration/Ice              4
   e - Summon Ice Beast               Ice/Summoning                4
Comestibles
 b - 3 bread rations
 g - a beef jerky
 o - 5 fruits


   Skills:
 * Level 3.1 Dodging
 - Level 1.7 Stealth
 * Level 2.9 Spellcasting
 - Level 1.0 Conjurations
 + Level 0.1 Charms
 * Level 4.2 Ice Magic


You had 3 spell levels left.
You knew the following spells:

 Your Spells              Type           Power        Failure   Level  Hunger
a - Freeze                Ice            ##..         3%          1    #......
b - Throw Frost           Conj/Ice       #.....       14%         2    ##.....
c - Ozocubu's Armour      Chrm/Ice       #.......     30%         3    ###....


Dungeon Overview and Level Annotations

Branches:
Dungeon (3/15)

Altars:
Dithmenos
Elyvilon
Kikubaaqudgha
Pakellas
Yredelemnul


Innate Abilities, Weirdness & Mutations

Your plain brown scales are hard (AC +5).
Your body does not fit into most forms of armour.
You are cold-blooded and may be slowed by cold attacks.
Your tail ends in a poisonous barb.
You are agile. (Dex +2)
You are dopey. (Int -2)
You are frail (-10% HP).


Message History

Aim: an ogre, wielding a giant club (moderately wounded)
You freeze the ogre.
The ogre is heavily wounded.
The ogre closely misses you.
Casting: Freeze
Confirm with . or Enter, or press ? or * to list all spells.
Aiming: Freeze
Press: ? - help, Shift-Dir - straight line, f/p - ogre
Aim: an ogre, wielding a giant club (heavily wounded)
You freeze the ogre.
The ogre is heavily wounded.
The ogre hits you with a giant club!!
Ouch! That really hurt!
* * * LOW HITPOINT WARNING * * *
Drink which item? (? for menu, Esc to quit)
It was a potion of beneficial mutation.
A poisonous barb forms on the end of your tail.
You feel fantastic! The ogre hits you with a giant club!!
Ouch! That really hurt!
You die...

#.....#
#.....#######
#.....##..).#
#...........#
#...........#
#...........#
#..........(#
#...........#
#.@.........#
#..O........#
#.....##....#
#.....#######
#...........#
#...........#
#...........#
#.....##....#
#.....# ....#


You could see an ogre.

Vanquished Creatures
  A hound (D:4)
  4 adders
  5 worms
  2 dart slugs (D:1)
  2 giant geckos
  An orc (D:3)
  2 giant cockroaches
  7 goblins
  5 hobgoblins
  7 jackals (D:2)
  7 kobolds
  2 quokkas
  6 bats
  4 giant newts
  5 rats
60 creatures vanquished.

Notes
Turn   | Place    | Note
--------------------------------------------------------------
     0 | D:1      | Neosonic97 the Draconian Ice Elementalist began the quest for the Orb.
     0 | D:1      | Reached XP level 1. HP: 14/14 MP: 3/3
    67 | D:1      | You fall through a shaft!
   209 | D:1      | Reached XP level 2. HP: 14/20 MP: 0/5
   218 | D:1      | Learned a level 2 spell: Throw Frost
   952 | D:2      | Reached XP level 3. HP: 21/26 MP: 0/6
   957 | D:2      | Learned a level 3 spell: Ozocubu's Armour
  1063 | D:2      | Found an oddly glowing altar of Pakellas.
  1591 | D:2      | Found a white marble altar of Elyvilon.
  1613 | D:2      | Gained mutation: You are frail (-10% HP). [potion of mutation]
  1613 | D:2      | Gained mutation: You are dopey. (Int -2) [potion of mutation]
  1613 | D:2      | Gained mutation: You are agile. (Dex +2) [potion of mutation]
  1621 | D:2      | Found a shadowy altar of Dithmenos.
  1624 | D:2      | Found an ancient bone altar of Kikubaaqudgha.
  1627 | D:2      | Found a basalt altar of Yredelemnul.
  2122 | D:2      | Reached XP level 4. HP: 29/29 MP: 4/7
  2502 | D:3      | Reached skill level 4 in Ice Magic
  3157 | D:3      | You fall through a shaft!
  3197 | D:4      | Reached XP level 5. HP: 22/34 MP: 1/9
  3272 | D:4      | Noticed an ogre
  3281 | D:4      | Gained mutation: Your tail ends in a poisonous barb. [potion of beneficial mutation]
  3281 | D:4      | Mangled by an ogre

Skill      XL: |  1  2  3  4 |
---------------+-------------+-----
Dodging        | 2 3 |  3.1
Ice Magic      | 4 |  4.2
Stealth        | |  1.7
Spellcasting   | |  2.9
Conjurations   | |  1.0
Charms         | |  0.1

Action                   |  1- 3 |  4- 6 || total
-------------------------+-------+-------++-------
Melee: Unarmed           |    98 |    95 ||   193
       Tailslap          |    13 |     7 ||    20
 Cast: Freeze            |    34 |    21 ||    55
       Throw Frost       |    25 |    23 ||    48
       Ozocubu's Armour  |       |     6 ||     6
  Use: Potion            |     5 |     1 ||     6
  Eat: Chunk             |     2 |     7 ||     9
       Bread ration      |     1 |       ||     1
Armor: Skin              |    17 |    23 ||    40
Dodge: Dodged            |    99 |    86 ||   185
